[ AOE2 MATCH · #495277128 ]
UnrankedPoles vs Mongols
Player's team · WIN
Rival team · LOSS
[ REPLAY ANALYSIS · EXTRACTED FROM THE RECORDED GAME ]
Feudal
9:56
Castle
20:08
Imperial
—
| APM avg | 45.3 |
| APM peak | 72 |
| eAPM avg | 22.7 |
| Villagers / military | 85 / 32 |
Focus
⚔️ 28.8% · 🌾 71.2%
Knight ×26 · Fishing Ship ×7 · Scout Cavalry ×3 · Unknown (2626) ×2 · Galley ×1 · Spearman ×1
Feudal
10:06
Castle
17:38
Imperial
—
| APM avg | 32.5 |
| APM peak | 56 |
| eAPM avg | 14.8 |
| Villagers / military | 115 / 38 |
Focus
⚔️ 26.0% · 🌾 74.0%
Spearman ×23 · Fishing Ship ×14 · Knight ×5 · Camel Scout ×5 · Unknown (2626) ×3 · Monk ×2
Match map
Initial resources + every placement click. Lines = walls · curves = elevation contours. ◆ gold · ⬟ stone · ● berries · ✦ relic · ◌ wall gap
Your base· ✓ Closed at 20:08 · 46t walls · no gate
TheCombatWombat's base· Open — opponent sealed themselves in
Smoothed initial terrain · ◌ = detected wall gap · hover for details
Inputs per minute
— simonthepope - - TheCombatWombat
Build order — simonthepope
First 150 of 230 actions detected
| 0:00 | Queue | Villager (Male) ×4 |
| 0:02 | Build | House |
| 0:07 | Build | House |
| 1:39 | Queue | Villager (Male) |
| 1:39 | Queue | Villager (Male) |
| 2:06 | Queue | Villager (Male) |
| 2:10 | Build | Lumber Camp |
| 2:18 | Queue | Villager (Male) |
| 2:46 | Build | House |
| 2:49 | Queue | Villager (Male) |
| 3:12 | Queue | Villager (Male) |
| 3:41 | Queue | Villager (Male) |
| 3:58 | Queue | Villager (Male) |
| 4:39 | Build | Dock |
| 4:46 | Queue | Villager (Male) |
| 4:47 | Queue | Villager (Male) |
| 5:11 | Build | House |
| 5:14 | Build | Palisade Wall |
| 5:16 | Queue | Villager (Male) |
| 5:32 | Queue | Fishing Ship |
| 5:39 | Queue | Villager (Male) |
| 5:39 | Queue | Villager (Male) |
| 5:55 | Queue | Villager (Male) |
| 6:19 | Queue | Fishing Ship |
| 6:27 | Build | Palisade Wall |
| 6:38 | Queue | Villager (Male) |
| 6:46 | Research | Loom |
| 6:50 | Build | Palisade Wall |
| 7:44 | Research | Feudal Age |
| 8:04 | Build | House |
| 8:07 | Build | Palisade Wall |
| 8:28 | Queue | Villager (Male) |
| 8:41 | Build | Barracks |
| 8:46 | Build | Palisade Wall |
| 8:48 | Build | Palisade Wall |
| 8:58 | Queue | Villager (Male) |
| 9:19 | Queue | Villager (Male) |
| 9:25 | Build | Palisade Wall |
| 9:53 | Build | House |
| 9:56 | Age | Feudal Age |
| 10:00 | Research | Double-Bit Axe |
| 10:04 | Build | Stable |
| 10:23 | Queue | Fishing Ship |
| 10:30 | Build | Palisade Wall |
| 10:36 | Build | House |
| 10:40 | Queue | Villager (Male) |
| 10:56 | Build | House |
| 10:58 | Build | Palisade Wall |
| 11:05 | Queue | Spearman |
| 11:21 | Build | Palisade Wall |
| 11:32 | Queue | Fishing Ship |
| 11:33 | Queue | Villager (Male) |
| 11:34 | Queue | Scout Cavalry |
| 11:54 | Queue | Villager (Male) |
| 11:56 | Queue | Fishing Ship |
| 12:12 | Queue | Villager (Male) |
| 12:16 | Build | Mill |
| 12:44 | Queue | Fishing Ship |
| 12:51 | Build | Farm |
| 12:53 | Build | Farm |
| 12:58 | Build | Farm |
| 13:00 | Build | Farm |
| 13:02 | Build | Farm |
| 13:04 | Build | Farm |
| 13:08 | Queue | Villager (Male) |
| 13:08 | Queue | Villager (Male) |
| 13:20 | Queue | Scout Cavalry |
| 13:33 | Build | House |
| 13:39 | Build | Mill |
| 13:43 | Queue | Villager (Male) |
| 13:56 | Queue | Unit 2626 |
| 14:05 | Queue | Villager (Male) |
| 14:09 | Build | Mining Camp |
| 14:44 | Queue | Villager (Male) |
| 14:46 | Build | Farm |
| 14:52 | Build | Farm |
| 14:53 | Build | Farm |
| 14:54 | Build | Farm |
| 14:56 | Build | Farm |
| 15:12 | Queue | Unit 2626 |
| 15:23 | Queue | Villager (Male) |
| 15:24 | Queue | Villager (Male) |
| 15:24 | Queue | Villager (Male) |
| 15:33 | Build | Farm |
| 16:18 | Queue | Villager (Male) |
| 16:18 | Queue | Villager (Male) |
| 16:22 | Build | Farm |
| 16:23 | Queue | Villager (Male) |
| 16:29 | Build | Market |
| 16:31 | Queue | Villager (Male) |
| 16:34 | Queue | Villager (Male) |
| 16:54 | Queue | Scout Cavalry |
| 17:20 | Research | Castle Age |
| 17:30 | Build | Mining Camp |
| 17:32 | Queue | Villager (Male) |
| 17:35 | Build | Farm |
| 17:35 | Research | Horse Collar |
| 18:02 | Research | Stone Mining |
| 18:14 | Queue | Galley |
| 18:19 | Queue | Fire Galley |
| 18:30 | Research | Bloodlines |
| 19:19 | Queue | Fishing Ship |
| 20:08 | Age | Castle Age |
| 20:11 | Build | Town Center |
| 20:17 | Research | Bow Saw |
| 20:18 | Queue | Villager (Male) |
| 20:19 | Queue | Villager (Male) |
| 20:38 | Queue | Villager (Male) |
| 20:40 | Build | Lumber Camp |
| 20:58 | Research | Wheelbarrow |
| 20:59 | Queue | Villager (Male) |
| 21:06 | Queue | Villager (Male) |
| 21:12 | Build | House |
| 21:16 | Build | House |
| 21:18 | Build | House |
| 21:36 | Queue | Knight |
| 21:38 | Queue | Villager (Male) |
| 21:39 | Queue | Villager (Male) |
| 21:44 | Build | House |
| 21:45 | Build | House |
| 21:51 | Queue | Villager (Male) |
| 21:58 | Queue | Villager (Male) |
| 21:58 | Queue | Villager (Male) |
| 22:05 | Queue | Villager (Male) |
| 22:05 | Queue | Villager (Male) |
| 22:10 | Queue | Knight |
| 22:11 | Queue | Villager (Male) |
| 22:12 | Queue | Villager (Male) |
| 22:12 | Queue | Villager (Male) |
| 22:24 | Build | Castle |
| 22:30 | Queue | Villager (Male) |
| 22:30 | Queue | Villager (Male) |
| 22:38 | Research | Bloodlines |
| 22:38 | Research | Husbandry |
| 22:53 | Build | House |
| 22:54 | Build | House |
| 22:55 | Queue | Villager (Male) |
| 22:56 | Queue | Villager (Male) |
| 23:07 | Build | Blacksmith |
| 23:12 | Build | House |
| 23:16 | Build | House |
| 23:21 | Build | Palisade Wall |
| 23:23 | Build | Palisade Wall |
| 23:28 | Build | Stone Wall |
| 23:29 | Queue | Villager (Male) |
| 23:30 | Queue | Villager (Male) |
| 23:34 | Queue | Villager (Male) |
| 23:34 | Queue | Villager (Male) |
| 23:40 | Queue | Villager (Male) |
| 23:44 | Queue | Villager (Male) |
Build order — TheCombatWombat
First 150 of 224 actions detected
| 0:01 | Queue | Villager (Male) ×4 |
| 0:02 | Build | House |
| 0:03 | Build | House |
| 1:29 | Queue | Villager (Male) |
| 1:52 | Build | Lumber Camp |
| 1:59 | Queue | Villager (Male) |
| 2:14 | Queue | Villager (Male) |
| 2:48 | Queue | Villager (Male) |
| 3:10 | Queue | Villager (Male) |
| 3:28 | Research | Loom |
| 3:43 | Queue | Villager (Male) |
| 3:43 | Queue | Villager (Male) |
| 3:44 | Queue | Villager (Male) |
| 3:49 | Build | House |
| 4:18 | Queue | Villager (Male) |
| 4:31 | Build | Dock |
| 4:50 | Queue | Villager (Male) |
| 4:50 | Queue | Villager (Male) |
| 5:06 | Queue | Villager (Male) |
| 5:11 | Queue | Fishing Ship |
| 5:32 | Queue | Villager (Male) |
| 5:32 | Queue | Villager (Male) |
| 5:32 | Queue | Villager (Male) |
| 5:36 | Build | House |
| 5:37 | Build | Palisade Wall |
| 6:16 | Queue | Fishing Ship ×2 |
| 7:07 | Queue | Fishing Ship |
| 7:11 | Build | House |
| 7:12 | Queue | Villager (Male) |
| 7:13 | Queue | Villager (Male) |
| 7:13 | Queue | Villager (Male) |
| 7:41 | Research | Feudal Age |
| 7:59 | Build | Barracks |
| 8:50 | Queue | Villager (Male) |
| 8:51 | Queue | Villager (Male) |
| 9:41 | Build | Mill |
| 10:06 | Age | Feudal Age |
| 10:07 | Build | Stable |
| 10:13 | Queue | Spearman |
| 10:18 | Research | Double-Bit Axe |
| 10:24 | Build | House |
| 10:26 | Build | House |
| 10:35 | Queue | Villager (Male) |
| 10:35 | Queue | Villager (Male) |
| 10:36 | Queue | Villager (Male) |
| 10:43 | Build | Palisade Wall |
| 10:44 | Build | Palisade Wall |
| 11:01 | Build | House |
| 11:05 | Queue | Scout Cavalry |
| 11:05 | Queue | Scout Cavalry |
| 11:33 | Build | House |
| 11:41 | Queue | Spearman |
| 11:47 | Queue | Spearman |
| 12:00 | Build | Palisade Wall |
| 12:01 | Build | Palisade Wall |
| 12:02 | Build | Palisade Wall |
| 12:03 | Build | Palisade Wall |
| 12:12 | Build | Palisade Wall |
| 12:22 | Queue | Villager (Male) |
| 12:23 | Queue | Villager (Male) |
| 12:23 | Queue | Villager (Male) |
| 12:27 | Build | Dock |
| 12:36 | Build | Farm |
| 12:37 | Build | Farm |
| 12:39 | Build | Farm |
| 12:40 | Build | Farm |
| 12:42 | Build | Farm |
| 12:53 | Build | Farm |
| 13:23 | Build | Palisade Wall |
| 13:24 | Build | Palisade Wall |
| 13:25 | Build | Palisade Wall |
| 13:33 | Queue | Villager (Male) |
| 13:33 | Queue | Villager (Male) |
| 13:44 | Build | Market |
| 14:00 | Queue | Unit 2626 |
| 14:00 | Queue | Unit 2626 |
| 14:09 | Build | Farm |
| 14:09 | Build | Farm |
| 14:10 | Build | Farm |
| 14:10 | Build | Farm |
| 14:12 | Queue | Villager (Male) |
| 14:27 | Build | Palisade Wall |
| 14:30 | Build | House |
| 14:36 | Build | Palisade Wall |
| 14:58 | Research | Castle Age |
| 15:09 | Build | Mining Camp |
| 15:24 | Queue | Unit 2626 |
| 15:31 | Queue | Spearman |
| 16:14 | Build | Farm |
| 16:14 | Build | Farm |
| 16:14 | Build | Farm |
| 16:14 | Build | Farm |
| 16:15 | Build | Farm |
| 16:15 | Build | Farm |
| 16:36 | Queue | Villager (Male) |
| 16:42 | Build | Farm |
| 17:08 | Queue | Spearman |
| 17:27 | Build | Mining Camp |
| 17:38 | Queue | Villager (Male) |
| 17:38 | Age | Castle Age |
| 18:00 | Build | Town Center |
| 18:23 | Queue | Villager (Male) ×5 |
| 18:38 | Queue | Steppe Lancer |
| 18:46 | Queue | Knight ×2 |
| 18:54 | Queue | Villager (Male) ×5 |
| 19:08 | Build | Lumber Camp |
| 19:10 | Build | Lumber Camp |
| 19:11 | Research | Bow Saw |
| 19:29 | Queue | Knight |
| 19:31 | Queue | Villager (Male) ×2 |
| 19:45 | Build | House |
| 19:46 | Build | House |
| 19:46 | Build | House |
| 20:04 | Queue | Knight |
| 20:32 | Build | House |
| 20:33 | Build | House |
| 20:36 | Queue | Villager (Male) |
| 20:36 | Queue | Villager (Male) |
| 20:36 | Queue | Villager (Male) |
| 20:37 | Queue | Villager (Male) |
| 20:47 | Build | Town Center |
| 20:54 | Queue | Knight |
| 21:33 | Queue | Villager (Male) ×5 |
| 21:34 | Queue | Villager (Male) |
| 21:34 | Queue | Villager (Male) |
| 21:48 | Build | Lumber Camp |
| 21:55 | Queue | Villager (Male) |
| 21:55 | Queue | Villager (Male) |
| 21:56 | Queue | Villager (Male) |
| 22:02 | Research | Horse Collar |
| 22:05 | Build | Farm |
| 22:18 | Build | Farm |
| 22:18 | Queue | Villager (Male) ×3 |
| 22:38 | Build | Monastery |
| 22:51 | Queue | Villager (Male) ×4 |
| 23:09 | Build | Town Center |
| 23:26 | Queue | Monk |
| 23:27 | Queue | Monk |
| 23:28 | Queue | Villager (Male) ×3 |
| 23:30 | Build | House |
| 23:31 | Build | House |
| 23:39 | Build | House |
| 23:41 | Build | House |
| 24:43 | Research | Wheelbarrow |
| 24:43 | Queue | Villager (Male) ×5 |
| 24:45 | Build | House |
| 24:46 | Build | House |
| 24:55 | Build | Farm |
| 24:55 | Build | Farm |
| 24:55 | Build | Farm |
Match timeline
| 4:31 | TheCombatWombat · first_building Dock |
| 4:39 | simonthepope · first_building Dock |
| 5:14 | simonthepope · wall_segment Palisade Wall x3 |
| 5:37 | TheCombatWombat · wall_segment Palisade Wall x1 |
| 6:27 | simonthepope · wall_segment Palisade Wall x5 |
| 6:50 | simonthepope · wall_segment Palisade Wall x6 |
| 7:59 | TheCombatWombat · first_building Barracks |
| 8:07 | simonthepope · wall_segment Palisade Wall x15 |
| 8:41 | simonthepope · first_building Barracks |
| 8:46 | simonthepope · wall_segment Palisade Wall x1 |
| 8:48 | simonthepope · wall_segment Palisade Wall x1 |
| 9:25 | simonthepope · wall_segment Palisade Wall x5 |
| 9:56 | simonthepope · age_up feudal |
| 10:04 | simonthepope · first_building Stable |
| 10:06 | TheCombatWombat · age_up feudal |
| 10:07 | TheCombatWombat · first_building Stable |
| 10:30 | simonthepope · wall_segment Palisade Wall x1 |
| 10:43 | TheCombatWombat · wall_segment Palisade Wall x1 |
| 10:44 | TheCombatWombat · wall_segment Palisade Wall x1 |
| 10:58 | simonthepope · wall_segment Palisade Wall x12 |
| 11:21 | simonthepope · wall_segment Palisade Wall x1 |
| 12:00 | TheCombatWombat · wall_segment Palisade Wall x1 |
| 12:01 | TheCombatWombat · wall_segment Palisade Wall x1 |
| 12:02 | TheCombatWombat · wall_segment Palisade Wall x1 |
| 12:03 | TheCombatWombat · wall_segment Palisade Wall x1 |
| 12:12 | TheCombatWombat · wall_segment Palisade Wall x17 |
| 13:23 | TheCombatWombat · wall_segment Palisade Wall x1 |
| 13:24 | TheCombatWombat · wall_segment Palisade Wall x1 |
| 13:25 | TheCombatWombat · wall_segment Palisade Wall x1 |
| 14:27 | TheCombatWombat · wall_segment Palisade Wall x1 |
| 14:36 | TheCombatWombat · wall_segment Palisade Wall x5 |
| 14:57 | TheCombatWombat · first_market_sell 100 stone |
| 17:19 | simonthepope · first_market_sell 100 food |
| 17:38 | TheCombatWombat · age_up castle |
| 17:46 | TheCombatWombat · first_market_buy 100 stone |
| 20:08 | simonthepope · age_up castle |
| 22:24 | simonthepope · first_building Castle |
| 22:38 | TheCombatWombat · first_building Monastery |
| 23:21 | simonthepope · wall_segment Palisade Wall x3 |
| 23:23 | simonthepope · wall_segment Palisade Wall x1 |
| 23:28 | simonthepope · wall_segment Stone Wall x3 |
| 23:54 | simonthepope · wall_segment Stone Wall x3 |
| 24:17 | simonthepope · first_market_buy 100 wood |
| 25:50 | simonthepope · wall_segment Stone Wall x4 |
| 25:53 | simonthepope · wall_segment Stone Wall x1 |
| 26:46 | simonthepope · wall_segment Palisade Wall x1 |
| 27:38 | simonthepope · wall_segment Stone Wall x5 |
| 28:55 | TheCombatWombat · wall_segment Palisade Wall x1 |
| 28:57 | TheCombatWombat · wall_segment Palisade Wall x1 |
| 28:58 | TheCombatWombat · wall_segment Palisade Wall x1 |
| 29:19 | TheCombatWombat · first_building Castle |
| 29:40 | TheCombatWombat · resign |
[ AI ANALYSIS · 1 CREDIT ]
What really happened in this match?
Wolo.gg analyzes every decision: build order, eco, micro, common mistakes by bracket. Personalized analysis on WhatsApp or Discord in 30 seconds.
Civ guide
Poles
Perfil
Jugador #10425540